 Dungeon Sprint DCSS version 0.25.1-2-g60ff931df9 (webtiles) character file.

Game seed: 16562553701852958764

448 raphialitos the Protected (level 6, -6/64 HPs)
             Began as a Minotaur Fighter on Oct 29, 2020.
             Was an Initiate of Okawaru.
             Mangled by a slime creature (10 damage)
             ... in the Dungeon (Sprint I: "Red Sonja").
             The game lasted 00:01:55 (744 turns).

raphialitos the Protected (Minotaur Fighter)         Turns: 744, Time: 00:01:55

Health: -6/64      AC:  9    Str: 22    XL:     6   Next: 73%
Magic:  1/1        EV: 11    Int:  5    God:    Okawaru [......]
Gold:   109        SH:  0    Dex: 10    Spells: 5/5 levels left

rFire    . . .     SeeInvis .   m - +5 scythe (antimagic)
rCold    . . .     Gourm    .   (shield currently unavailable)
rNeg     . . .     Faith    .   b - +1 scale mail
rPois    .         Spirit   .   (helmet restricted)
rElec    .         Reflect  .   (no cloak)
rCorr    .         Harm     .   (no gloves)
MR       .....     NoTele   +   (no boots)
Stlth    ..........             (no amulet)
HPRegen  0.20/turn              (no ring)
MPRegen  0.07/turn              (no ring)

@: no status effects
A: retaliatory headbutt, horns 2
a: Renounce Religion


You were in the Dungeon.
You worshipped Okawaru.
Okawaru was noncommittal.
You were not hungry.

You visited 1 branch You collected 297 gold pieces.
You spent 188 gold pieces at shops.

Inventory:

Hand Weapons
 a - a +0 long sword
 m - a +5 antimagic scythe (weapon)
Armour
 b - a +1 scale mail (worn)
 c - a +0 kite shield
Scrolls
 k - a scroll of blinking
Potions
 d - a potion of might
 e - 2 potions of curing
 g - a potion of heal wounds
 h - a potion of haste
 i - 2 potions of magic
 j - a potion of berserk rage
 l - 2 potions of flight
Comestibles
 f - 2 rations
 n - 2 chunks of flesh


   Skills:
 + Level 9.6 Fighting
 + Level 7.0 Long Blades
 + Level 2.0 Polearms
 + Level 10.4 Armour
 + Level 3.1 Dodging
 + Level 8.7 Shields


You had 5 spell levels left.
You didn't know any spells.
Your spell library was empty.

Dungeon Overview and Level Annotations

Branches:
Dungeon (1/1)

Altars:
Cheibriados
Dithmenos
Elyvilon
Fedhas
Gozag
Hepliaklqana
Kikubaaqudgha
Makhleb
Nemelex Xobeh
Okawaru
Qazlal
Ru
Sif Muna
Trog
Uskayaw
Vehumet
Wu Jian
Xom
Yredelemnul
Zin
The Shining One
Jiyva
Lugonu

Shops:
D *


Innate Abilities, Weirdness & Mutations

You reflexively headbutt those who attack you in melee.
You have a pair of horns on your head.


Message History

You slash the slime creature!
The slime creature is heavily wounded.
The slime creature misses you.
The slime creature completely misses you.
You completely miss the slime creature.
The slime creature is moderately wounded.
The slime creature hits you. x2
You slash the slime creature!
The slime creature is severely wounded.
The slime creature hits you! The slime creature hits you.
You slice the slime creature!!
The slime creature is almost dead.
The slime creature hits you!
The slime creature hits you but does no damage.
You completely miss the slime creature. You headbutt the slime creature.
The slime creature is almost dead.
The slime creature hits you!
* * * LOW HITPOINT WARNING * * *
The slime creature hits you!
You die...

###################
#<.#..'..#..'..#__#
#..'..#..'..#..@J.+
#..#####'#####'#__#
#..####..#...#.####
#..#__####..##.#
#..#_____##'#_.+
#⌠⌠#_.∩...÷..._#
####_..__##_.#'#
#_____###+#[#
####### ###


You could see a slime creature.

Vanquished Creatures
  Sigmund (D)
  A yak (D)
  An ogre (D)
  A jelly (D)
  Ijyb (D)
5 creatures vanquished.

Notes
Turn   | Place    | Note
-------+----------+-------------------------------------------
     0 | D        | raphialitos the Minotaur Fighter began the quest for the
                  | Orb.
     0 | D        | Reached XP level 1. HP: 19/19 MP: 0/0
     1 | D        | Noticed Ijyb
    14 | D        | Killed Ijyb
    14 | D        | Reached skill level 5 in Fighting
    14 | D        | Reached skill level 5 in Armour
    14 | D        | Reached skill level 5 in Shields
    14 | D        | Reached XP level 2. HP: 21/29 MP: 1/1
    98 | D        | Noticed an ogre
   102 | D        | Killed an ogre
   102 | D        | Reached skill level 6 in Armour
   102 | D        | Reached XP level 3. HP: 39/39 MP: 2/2
   102 | D        | Reached XP level 4. HP: 47/47 MP: 3/3
   216 | D        | Noticed Sigmund
   230 | D        | Killed Sigmund
   230 | D        | Reached skill level 9 in Armour
   230 | D        | Reached XP level 5. HP: 11/56 MP: 0/4
   230 | D        | Reached XP level 6. HP: 12/62 MP: 0/5
   249 | D        | Found a shimmering blue altar of Sif Muna.
   579 | D        | Found an ornate altar of the Wu Jian Council.
   580 | D        | Found a radiant altar of Vehumet.
   610 | D        | Found Batzoeva's General Store.
   610 | D        | Found an ancient bone altar of Kikubaaqudgha.
   610 | D        | Found a hazy altar of Hepliaklqana.
   610 | D        | Found a stormy altar of Qazlal.
   610 | D        | Found a hide-covered altar of Uskayaw.
   610 | D        | Found a blossoming altar of Fedhas.
   610 | D        | Found a bloodstained altar of Trog.
   610 | D        | Found an iron altar of Okawaru.
   610 | D        | Found a basalt altar of Yredelemnul.
   610 | D        | Found a glowing golden altar of the Shining One.
   610 | D        | Found a snail-covered altar of Cheibriados.
   610 | D        | Found a sacrificial altar of Ru.
   610 | D        | Found a glowing silver altar of Zin.
   610 | D        | Found a shadowy altar of Dithmenos.
   610 | D        | Found a white marble altar of Elyvilon.
   610 | D        | Noticed a yak
   617 | D        | Killed a yak
   617 | D        | Reached skill level 10 in Armour
   618 | D        | Found an opulent altar of Gozag.
   621 | D        | Found a sparkling altar of Nemelex Xobeh.
   625 | D        | Bought a ration for 65 gold pieces
   625 | D        | Bought a scroll of identify for 26 gold pieces
   625 | D        | Bought a scroll of enchant armour for 97 gold pieces
   628 | D        | Became a worshipper of Warmaster Okawaru
   736 | D        | Found a burning altar of Makhleb.
   736 | D        | Found a viscous altar of Jiyva.
   736 | D        | Found a shimmering altar of Xom.
   736 | D        | Found a corrupted altar of Lugonu.
   736 | D        | Noticed a slime creature
   744 | D        | Mangled by a slime creature

Illustrated notes

Levels and vault maps discovered:
D:        dungeon_sprint_1 [red_sonja_temple_1, red_sonja_temple_small_1]

Skill      XL: |  1  2  3  4  5  6 |
---------------+-------------------+-----
Fighting       | 5 7 8 9 |  9.6
Long Blades    | 3 4 6 7 |  7.0
Armour         | 5 6 9 10 | 10.4
Shields        | 5 6 8 |  8.7
Dodging        | 2 3 |  3.1
Polearms       | 2 |  2.0

Action                   |  1- 3 |  4- 6 || total
-------------------------+-------+-------++-------
Melee: Long sword        |    15 |    13 ||    28
       Headbutt          |     5 |     9 ||    14
       Scythe            |       |    16 ||    16
  Use: Scroll            |       |     2 ||     2
Armor: Scale mail        |     3 |     9 ||    12
Dodge: Dodged            |     7 |    13 ||    20
Block: Kite shield       |     6 |     2 ||     8
       Rpst.: Long sword |     4 |       ||     4
